 Dungeon Crawl Stone Soup version 0.29.1-12-g30fa7ad0bf (webtiles) character file.

Game seed: 17296372600020354952

183713 DildoBatman the Peltast (level 19, -26/146 HPs)
             Began as a Formicid Conjurer on Jan 10, 2023.
             Was an Initiate of Gozag.
             Annihilated by a caustic shrike simulacrum (30 damage)
             ... in an ice cave on Jan 11, 2023.
             The game lasted 01:36:09 (23663 turns).

DildoBatman the Peltast (Formicid Conjurer)        Turns: 23663, Time: 01:36:10

Health: -26/146    AC: 20    Str: 15    XL:     19   Next: 8%
Magic:  32/36      EV: 18    Int: 27    God:    Gozag
Gold:   5476       SH: 16    Dex: 20    Spells: 31/44 levels left

rFire   + . .      SeeInvis +   b - +8 whip (elec)
rCold   . . .      Faith    .   k - +0 kite shield
rNeg    . . .      Spirit   .   G - +1 scale mail of Tomorrow {Regen+ Str+4 Int+2 Dex+2}
rPois   .          Reflect  .   (helmet unavailable)
rElec   .          Harm     .   e - +2 cloak {rF+}
rCorr   .          Rampage  .   u - +2 pair of gloves
Will    +....                   o - +2 pair of boots
Stlth   +.........              r - amulet of Zinn {Regen+ SInv}
HPRegen 1.94/turn               A - +6 ring of dexterity
MPRegen 0.25/turn               D - +4 ring of evasion

@: no status effects
A: permanent stasis, dig shafts and tunnels, antennae 3, four strong arms, dopey
1, MP-powered wands
a: Dig, Renounce Religion, Potion Petition, Call Merchant, Bribe Branch


You were in an ice cave.
You worshipped Gozag.
Gozag was greatly pleased with you.
You visited 4 branches of the dungeon, and saw 22 of its levels.
You visited the Abyss 1 time.
You also visited: Bailey, Gauntlet, Ice Cave and Volcano.

You collected 6762 gold pieces.
You spent 157 gold pieces at shops.
You paid 1129 gold pieces to Gozag.

Inventory:

Hand Weapons
 a - the +5 dagger "Loplear" {vorpal, rElec Int+5}
   (You found it on level 3 of the Lair of Beasts)

   It inflicts extra damage upon your enemies.
   Int:       It affects your intelligence (+5).
   rElec:     It insulates you from electricity.
 b - a +8 whip of electrocution (weapon)
 c - a +4 sling of freezing
 d - a +2 halberd of flaming
 Q - a +2 vampiric demon whip
Missiles
 I - 3 silver javelins
 W - a throwing net (quivered)
Armour
 e - a +2 cloak of fire resistance (worn)
 k - a +0 kite shield (worn)
 o - a +2 pair of boots (worn)
 u - a +2 pair of gloves (worn)
 G - the +1 scale mail of Tomorrow (worn) {Regen+ Str+4 Int+2 Dex+2}
   (You found it in a bailey)

   Str:       It affects your strength (+4).
   Int:       It affects your intelligence (+2).
   Dex:       It affects your dexterity (+2).
   Regen:     It increases your rate of health regeneration.
Magical Staves
 w - a staff of death
 B - a staff of earth
Jewellery
 r - the amulet of Zinn (around neck) {Regen+ SInv}
   (You found it in a Gauntlet)

   [amulet of regeneration]

   SInv:      It lets you see invisible.
   Regen:     It increases your rate of health regeneration.
 s - an amulet of reflection
 z - the ring "Uhigunuteer" {Fire Str+2}
   (You found it in a Gauntlet)

   [ring of fire]

   It enhances your fire magic.
   Str:       It affects your strength (+2).
   rF:        It protects you from fire.
   rC:        It makes you vulnerable to cold.
 A - a +6 ring of dexterity (left hand)
 D - a +4 ring of evasion (right hand)
 J - a ring of wizardry
 S - a ring of flight
Wands
 v - a wand of quicksilver (12)
 L - a wand of digging (8)
 T - a wand of iceblast (5)
 X - a wand of mindburst (4)
Scrolls
 f - a scroll of torment {unknown}
 h - 3 scrolls of enchant weapon
 i - a scroll of summoning
 l - a scroll of identify
 n - 2 scrolls of immolation {unknown}
 p - 2 scrolls of silence
 q - a scroll of poison {unknown}
 C - 3 scrolls of magic mapping
 M - a scroll of fear
 N - a scroll of acquirement {unknown}
 U - a scroll of fog {unknown}
 V - 3 scrolls of brand weapon
 Y - 5 scrolls of amnesia
 Z - a scroll of enchant armour
Potions
 g - 4 potions of curing
 j - 2 potions of might
 x - 6 potions of brilliance
 E - a potion of ambrosia
 F - a potion of mutation
 H - a potion of heal wounds
 K - a potion of berserk rage
Miscellaneous
 t - a phial of floods
 P - a lightning rod (4/4)


   Skills:
 - Level 12.0 Fighting
 - Level 12.0 Armour
 - Level 9.0 Dodging
 - Level 2.4 Stealth
 - Level 19.0 Shields
 * Level 13.0 Spellcasting
 - Level 6.0 Conjurations
 * Level 13.0 Necromancy
 * Level 13.5 Earth Magic


You had 31 spell levels left.
You knew the following spells:

 Your Spells              Type           Power      Damage    Failure   Level
a - Borgnjor's Vile Clut  Necr/Erth      37%        N/A       1%          5
c - Searing Ray           Conj           100%       2d8       1%          2
d - Vampiric Draining     Necr           73%        2d11      1%          3
e - Magic Dart            Conj           100%       1d8       1%          1
z - Sublimation of Blood  Necr           73%        N/A       1%          2

Your spell library contained the following spells:

 Spells                   Type           Power      Damage    Failure   Level
 Necrotise                Necr           100%       1d9       1%          1
 Agony                    Necr           73%        N/A       1%          5
 Lee's Rapid Deconstruct  Erth           37%        3d19*     1%          5
 Shock                    Conj/Air       100%       1d9       3%          1
 Static Discharge         Conj/Air       33%        3-8/arc   5%          2
 Petrify                  Tmut/Erth      52%        N/A       8%          4
 Anguish                  Hex/Necr       26%        N/A       9%          4
 Death Channel            Necr           36%        N/A       9%          6
 Dazzling Flash           Conj/Hex       66%        N/A       11%         3
 Apportation              Tloc           34%        N/A       12%         1
 Freeze                   Ice            68%        1d8       12%         1
 Frozen Ramparts          Ice            34%        1d6       34%         3
 Lesser Beckoning         Tloc           17%        N/A       34%         3
 Fulminant Prism          Conj/Hex       16%        3d11      34%         4
 Hailstorm                Conj/Ice       33%        3d8       34%         4
 Iskenderun's Mystic Bla  Conj/Tloc      33%        2d8       34%         4
 Irradiate                Conj/Tmut      16%        3d17      67%         5
 Lightning Bolt           Conj/Air       16%        1d30      67%         5
 Airstrike                Air            8%         2d(2-18)  75%         4
 Olgreb's Toxic Radiance  Pois           17%        N/A       75%         4
 Summon Lightning Spire   Summ/Air       17%        N/A       75%         4
 Freezing Cloud           Conj/Ice/Air   14%        6-21      82%         5
 Alistair's Intoxication  Tmut/Pois      11%        N/A       97%         5
 Blade Hands              Tmut           8%         N/A       97%         5
 Manifold Assault         Tloc           17%        N/A       97%         5
 Borgnjor's Revivificati  Necr           36%        N/A       98%         8
 Infestation              Necr           36%        N/A       98%         8
 Dragon Form              Tmut           8%         N/A       100%        7
 Haunt                    Necr/Summ      26%        N/A       100%        7
 Ozocubu's Refrigeration  Ice            8%         4d9       100%        7
 Ignition                 Fire           8%         3d5       100%        8
 Maxwell's Capacitive Co  Air            8%         ∞         100%        8
 Necromutation            Tmut/Necr      26%        N/A       100%        8
 Chain Lightning          Conj/Air       16%        3d22      100%        9
 Death's Door             Necr           36%        N/A       100%        9
 Fire Storm               Conj/Fire      16%        8d4       100%        9
 Shatter                  Erth           37%        3d29*     100%        9
 Blink                    Tloc           Unusable   N/A       N/A         2
 Corpse Rot               Necr/Pois/Air  Unusable   N/A       N/A         4
 Simulacrum               Ice/Necr       Unusable   N/A       N/A         6

Dungeon Overview and Level Annotations

Branches:
Dungeon (14/15)            Temple (1/1) D:4            Lair (5/5) D:9
  Swamp (0/4) Lair:2        Snake (0/4) Lair:3        Slime (0/5) Lair:4
    Orc (2/2) D:9             Elf (0/3) Orc:2        Vaults (0/5) D:14
 Bailey (visited)           IceCv (1/1)             Volcano (visited)
Gauntlet (visited)

Altars:
Ashenzari
Cheibriados
Dithmenos
Elyvilon
Fedhas
Gozag
Hepliaklqana
Kikubaaqudgha
Makhleb
Nemelex Xobeh
Okawaru
Qazlal
Ru
Sif Muna
Trog
Uskayaw
Vehumet
Wu Jian
Xom
Yredelemnul
Zin
The Shining One

Shops:
D:12 **   Orc:2 :*!??*(

Annotations:
Orc:1 3 runed translucent doors, Revguard's ghost, journeyman DsBr


Innate Abilities, Weirdness & Mutations

You cannot be hasted, slowed, berserked, paralysed or teleported.
You can dig through walls and to a lower floor.
You have a pair of large antennae on your head. (SInv)
Your four strong arms can wield two-handed weapons with a shield.
You are dopey. (Int -2)
You expend magic power (3 MP) to strengthen your wands.


Message History

Casting: Sublimation of Blood (safe; 1% risk of failure)
Confirm with . or Enter, or press ? or * to list all spells.
You draw magical energy from your own body!
Casting: Sublimation of Blood (safe; 1% risk of failure)
Confirm with . or Enter, or press ? or * to list all spells.
You draw magical energy from your own body!
Casting: Sublimation of Blood (safe; 1% risk of failure)
Confirm with . or Enter, or press ? or * to list all spells.
Your reserves of magic are already full.
You hear the crackle of electricity.
b - a +8 whip of electrocution (weapon)
You now have 5457 gold pieces (gained 6).
You now have 5462 gold pieces (gained 5).
You now have 5472 gold pieces (gained 10).
You now have 5476 gold pieces (gained 4).
A caustic shrike simulacrum comes into view.
Casting: Sublimation of Blood (safe; 1% risk of failure)
Confirm with . or Enter, or press ? or * to list all spells.
Aiming: Borgnjor's Vile Clutch (mildly dangerous; 1% risk of failure)
Press: ? - help, Shift-Dir - straight line, f - caustic shrike simulacrum
Aim: a caustic shrike simulacrum (100% to hit)
Zombie hands grab the caustic shrike simulacrum.
The zombie hands constrict the caustic shrike simulacrum!
The caustic shrike simulacrum completely misses you.
You hit the caustic shrike simulacrum.
The caustic shrike simulacrum is moderately damaged.
The zombie hands constrict the caustic shrike simulacrum!
The caustic shrike simulacrum claws you.
The caustic shrike simulacrum freezes you!!
The caustic shrike simulacrum claws you.
The caustic shrike simulacrum freezes you!!
The caustic shrike simulacrum claws you!
The caustic shrike simulacrum freezes you!!!
You whack the caustic shrike simulacrum!
The caustic shrike simulacrum is severely damaged.
The zombie hands constrict the caustic shrike simulacrum!
The caustic shrike simulacrum claws you!
The caustic shrike simulacrum freezes you!!
You die...
Your body crumbles into a pile of gold.

$ ##..#..## #..##...##
##.####...## { ##..#
##...## . { #..## ##...#
.. ##..# ##..## ...
#..## ######..# ...Z
##..# ##...###.## ....{
#.@## ##.....##..#
#.....#Z.# #...#...#..#
#...## #..####....#
##.## ##..# ##...# ##
##..## ##.## ##...# ###
#### ##....## ##..##
#### #......#
##....#####..####.....##


You could see a caustic shrike simulacrum (clutched).

Vanquished Creatures
  2 bone dragons
  A tentacled starspawn (Abyss:3)
  Donald (Orc:2)
  A balrug (Abyss:4)
  A very ugly thing (IceCv)
  A minotaur (Gauntlet)
  Azrael (Orc:2)
  A red draconian (Volcano)
  A great orb of eyes (Gauntlet)
  2 fire dragons
  A yaktaur captain (D:14)
  A boulder beetle (D:13)
  2 catoblepae (Lair:5)
  An ogre mage (Volcano)
  8 hydras
  Erica (D:7)
  15 two-headed ogres
  A death knight (D:14)
  A centaur warrior (D:13)
  4 sun demons (Abyss:4)
  3 thrashing horrors (Abyss:4)
  A sixfirhy (Abyss:4)
  5 skeletal warriors (D:11)
  2 bog bodies (IceCv)
  A lindwurm (Lair:5)
  A swamp dragon (Lair:5)
  2 wizards
  A spriggan simulacrum (D:14)
  Pikel (D:9)
  2 ugly things
  2 deep elf pyromancers
  10 orc sorcerers
  3 manticores
  2 worldbinders
  3 cyclopes
  18 elephants
  A guardian serpent (Lair:3)
  5 black mambas
  2 apocalypse crabs
  A gargoyle (D:12)
  3 torpor snails
  An ice statue (Gauntlet)
  16 cane toads
  7 rime drakes
  2 smoke demons (Abyss:4)
  2 unseen horrors (D:11)
  Psyche (D:9)
  10 komodo dragons
  A kobold demonologist (D:10)
  2 tengu conjurers (D:13)
  3 yaktaurs
  2 freezing wraiths (IceCv)
  3 ice devils (IceCv)
  3 hellwings (Abyss:4)
  An anaconda simulacrum (IceCv)
  A harpy zombie (Abyss:3)
  5 trolls
  A polar bear (Lair:4)
  18 slime creatures
  A hornet (D:7)
  4 blink frogs
  A dream sheep (Lair:5)
  2 raiju (Abyss:2)
  3 flying skulls (Abyss:4)
  A shadow (D:10)
  2 water elementals
  A ynoxinul (Abyss:2)
  A wraith (D:13)
  9 wyverns
  97 yaks
  2 fire elementals (Orc:1)
  2 dire elephant simulacra
  2 chaos spawn (Abyss:3)
  A large abomination (Abyss:3)
  5 basilisks
  3 steam dragons
  9 vampire mosquitoes
  2 neqoxecs
  5 minotaur simulacra
  A harpy simulacrum (IceCv)
  6 wargs (Orc:2)
  Duvessa (D:5)
  6 acid dragons
  A hydra simulacrum (IceCv)
  32 water moccasins
  2 hell hounds (Orc:2)
  A swamp drake (Lair:5)
  35 orc warriors
  The ghost of Groucho the Ducker, an amateur FeTm (D:4)
  A black bear (D:9)
  2 centaurs
  7 ogres
  10 wolves (Lair:2)
  4 kobold brigands
  4 lemures (D:9)
  3 phantoms
  12 bullfrogs
  2 gnoll sergeants
  3 scorpions
  2 deep troll simulacra
  5 wights (D:9)
  Dowan (D:5)
  2 small abominations (Abyss:3)
  5 lindwurm simulacra
  6 howler monkeys
  5 electric eels
  A lava snake (D:8)
  A quasit (Abyss:3)
  A jelly (D:6)
  5 gnoll boudas
  3 hounds (D:5)
  An iron imp (Abyss:2)
  16 orc priests
  39 orc wizards
  10 iguanas
  Robin (D:2)
  24 gnolls
  A river rat (D:4)
  26 adders
  2 white imps
  2 worms
  A dart slug (D:4)
  111 orcs
  4 endoplasms
  10 giant cockroaches
  18 goblins
  9 hobgoblins
  7 jackals (D:4)
  3 quokkas
  3 ball pythons
  4 bats
  4 frilled lizards
  31 kobolds
  4 rats
850 creatures vanquished.

Vanquished Creatures (others)
  A raiju (Abyss:2)
  An iguana (Lair:5)
  2 orc wizards
  76 fungi
  111 plants
  2 starspawn tentacles (Abyss:3)
193 creatures vanquished.

Grand Total: 1043 creatures vanquished

Notes
Turn   | Place    | Note
-------+----------+-------------------------------------------
     0 | D:1      | DildoBatman the Formicid Conjurer began the quest for the
                  | Orb.
     0 | D:1      | Reached XP level 1. HP: 13/13 MP: 3/3
   166 | D:1      | Reached XP level 2. HP: 13/20 MP: 1/5
   177 | D:1      | Learned a level 2 spell: Searing Ray
   539 | D:1      | Reached skill level 1 in Fighting
   539 | D:1      | Reached skill level 1 in Armour
   542 | D:1      | Reached XP level 3. HP: 19/26 MP: 3/6
  1192 | D:2      | Reached XP level 4. HP: 32/32 MP: 2/8
  1901 | D:3      | Reached XP level 5. HP: 29/38 MP: 4/9
  1966 | D:3      | Found a hazy altar of Hepliaklqana.
  2082 | D:3      | Reached XP level 6. HP: 41/46 MP: 6/10
  2589 | D:4      | Found a glowing silver altar of Zin.
  2645 | D:4      | Found a staircase to the Ecumenical Temple.
  2665 | Temple   | Entered the Ecumenical Temple
  3105 | D:4      | Found a runed translucent door.
  3106 | D:4      | Noticed Groucho's ghost (amateur FeTm)
  3140 | D:4      | Reached skill level 5 in Conjurations
  3140 | D:4      | Reached XP level 7. HP: 46/52 MP: 2/13
  3319 | D:4      | Found a runed translucent door.
  3414 | D:4      | Found an ancient bone altar of Kikubaaqudgha.
  3482 | D:4      | Became a worshipper of Kikubaaqudgha
  3587 | D:2      | Noticed Robin
  3593 | D:2      | Killed Robin
  3709 | D:5      | Entered Level 5 of the Dungeon
  3773 | D:5      | Found a radiant altar of Vehumet.
  3790 | D:5      | Found a blossoming altar of Fedhas.
  4039 | D:5      | Noticed Duvessa
  4039 | D:5      | Noticed Dowan
  4175 | D:5      | Killed Dowan
  4176 | D:5      | Reached skill level 5 in Spellcasting
  4414 | D:6      | Reached * piety under Kikubaaqudgha
  4414 | D:6      | Received a gift from Kikubaaqudgha
  4415 | D:6      | Reached XP level 8. HP: 57/58 MP: 8/16
  4439 | D:6      | Learned a level 2 spell: Sublimation of Blood
  4443 | D:6      | Learned a level 3 spell: Vampiric Draining
  4970 | D:7      | Reached skill level 1 in Necromancy
  4988 | D:7      | Noticed a wyvern
  5064 | D:7      | HP: 1/59 [wyvern (16)]
  5065 | D:7      | Killed a wyvern
  5278 | D:7      | Found a flagged portal.
  5329 | D:7      | Reached ** piety under Kikubaaqudgha
  5330 | D:7      | Reached XP level 9. HP: 51/65 MP: 7/18
  5389 | Bailey   | Entered a bailey
  5645 | Bailey   | Identified the +1 scale mail of Tomorrow {Regen+ Str+4
                  | Int+2 Dex+2}
  5859 | Bailey   | Reached skill level 5 in Fighting
  5859 | Bailey   | Reached skill level 5 in Armour
  6014 | Bailey   | Reached skill level 5 in Necromancy
  6384 | D:7      | Reached XP level 10. HP: 17/74 MP: 15/20
  6461 | D:7      | Reached *** piety under Kikubaaqudgha
  6461 | D:7      | Received a gift from Kikubaaqudgha
  6468 | D:7      | Learned a level 5 spell: Borgnjor's Vile Clutch
  6632 | D:7      | Reached skill level 1 in Earth Magic
  7111 | D:5      | Killed Duvessa
  7266 | D:5      | Reached skill level 5 in Earth Magic
  7648 | D:4      | Killed Groucho's ghost
  7665 | D:4      | You fall into a shaft and drop 1 floor!
  7668 | D:5      | You fall into a shaft and drop 3 floors!
  7994 | D:8      | Noticed Erica
  8024 | D:8      | Noticed a wizard
  8085 | D:8      | Killed a wizard
  8101 | D:7      | Killed Erica
  8102 | D:7      | Reached XP level 11. HP: 31/79 MP: 1/21
  8840 | D:9      | Noticed a two-headed ogre
  8843 | D:9      | Noticed Psyche
  8862 | D:8      | Killed a two-headed ogre
  8898 | D:9      | Noticed Pikel
  8915 | D:9      | Killed Pikel
  8928 | D:9      | Found a staircase to the Orcish Mines.
  8947 | D:9      | Reached skill level 10 in Earth Magic
  8970 | D:9      | Reached **** piety under Kikubaaqudgha
  9079 | D:9      | Noticed a two-headed ogre
  9103 | D:9      | Killed a two-headed ogre
  9104 | D:9      | Reached skill level 10 in Necromancy
  9255 | D:9      | Killed Psyche
  9294 | D:9      | Found a staircase to the Lair.
  9406 | D:9      | Reached XP level 12. HP: 74/86 MP: 15/22
  9922 | D:10     | Entered Level 10 of the Dungeon
  9996 | D:10     | Noticed a two-headed ogre
 10006 | D:10     | Killed a two-headed ogre
 10146 | D:10     | Reached ***** piety under Kikubaaqudgha
 10319 | D:10     | Found a stormy altar of Qazlal.
 10319 | D:10     | Found a sparkling altar of Nemelex Xobeh.
 10319 | D:10     | Found an iron altar of Okawaru.
 10320 | D:10     | Found a white marble altar of Elyvilon.
 10320 | D:10     | Found a basalt altar of Yredelemnul.
 10320 | D:10     | Found an opulent altar of Gozag.
 10320 | D:10     | Noticed a two-headed ogre
 10332 | D:10     | Killed a two-headed ogre
 10719 | Orc:1    | Entered Level 1 of the Orcish Mines
 10719 | Orc:1    | Noticed a two-headed ogre
 10769 | D:9      | HP: 1/84 [two-headed ogre/+0 giant club (18)]
 10778 | D:9      | Killed a two-headed ogre
 11017 | Orc:1    | Noticed a two-headed ogre
 11029 | Orc:1    | Killed a two-headed ogre
 11061 | Orc:1    | Reached XP level 13. HP: 94/94 MP: 10/25
 11156 | Orc:1    | Found a runed translucent gate.
 11156 | Orc:1    | Found a runed translucent gate.
 11157 | Orc:1    | Found a runed translucent gate.
 11158 | Orc:1    | Noticed a merfolk impaler
 11158 | Orc:1    | Noticed a centaur warrior
 11175 | Orc:1    | Noticed a centaur warrior
 11176 | Orc:1    | Noticed Revguard's ghost (journeyman DsBr)
 11362 | Orc:1    | Found an iron altar of Okawaru.
 11461 | Orc:2    | Entered Level 2 of the Orcish Mines
 11484 | Orc:2    | Found Waiqoufe's Magic Scroll Shop.
 11493 | Orc:2    | Noticed Donald
 11509 | Orc:2    | Found a staircase to the Elven Halls.
 11610 | Orc:2    | Noticed Azrael
 11623 | Orc:2    | Killed Azrael
 11624 | Orc:2    | Reached skill level 5 in Dodging
 12053 | Orc:2    | Killed Donald
 12076 | Orc:2    | Found Ruhi Obi's Assorted Antiques.
 12081 | Orc:2    | Found Amnaid's Antique Weapon Emporium.
 12130 | Orc:2    | Reached skill level 1 in Shields
 12214 | Orc:2    | Reached skill level 2 in Shields
 12306 | Orc:2    | Reached skill level 3 in Shields
 12312 | Orc:2    | Reached skill level 4 in Shields
 12354 | Orc:2    | Reached skill level 5 in Shields
 12381 | Orc:2    | Reached ****** piety under Kikubaaqudgha
 12387 | Orc:2    | Reached skill level 6 in Shields
 12433 | Orc:2    | Reached skill level 7 in Shields
 12454 | Orc:2    | Found Errepoywu's Book Boutique.
 12480 | Orc:1    | Received a gift from Kikubaaqudgha
 12482 | Orc:1    | Fell from the grace of Kikubaaqudgha
 12599 | D:10     | Became a worshipper of Gozag Ym Sagoz the Greedy
 12810 | Orc:2    | Found Zol Jyox's General Store.
 12810 | Orc:2    | Found Ezxeb's Distillery.
 12821 | Orc:2    | Bought a potion of mutation for 96 gold pieces
 12821 | Orc:2    | Gained mutation: Your magical capacity is low. (-10% MP)
                  | [potion of mutation]
 12821 | Orc:2    | Gained mutation: You have sharp toenails. [potion of
                  | mutation]
 12821 | Orc:2    | Gained mutation: You are agile. (Dex +4, Str/Int -1)
                  | [potion of mutation]
 12822 | Orc:2    | Lost mutation: You have sharp toenails. [potion of
                  | mutation]
 12822 | Orc:2    | Lost mutation: You are agile. (Dex +4, Str/Int -1) [potion
                  | of mutation]
 12822 | Orc:2    | Lost mutation: Your magical capacity is low. (-10% MP)
                  | [potion of mutation]
 12822 | Orc:2    | Gained mutation: Your flesh is heat resistant. (rF+)
                  | [potion of mutation]
 12822 | Orc:2    | Gained mutation: You are agile. (Dex +4, Str/Int -1)
                  | [potion of mutation]
 12867 | Orc:2    | Found Saytaote's Magic Scroll Shoppe.
 12867 | Orc:2    | Found Potuug's Assorted Antiques.
 13035 | Orc:2    | Reached skill level 8 in Shields
 13441 | Lair:1   | Entered Level 1 of the Lair of Beasts
 13577 | Lair:1   | Reached skill level 9 in Shields
 14302 | Lair:2   | Reached XP level 14. HP: 89/104 MP: 21/26
 14339 | Lair:2   | Reached skill level 10 in Shields
 14467 | Lair:2   | Found a staircase to the Swamp.
 15126 | Lair:3   | Reached skill level 11 in Shields
 15142 | Lair:3   | Found a staircase to the Snake Pit.
 15481 | Lair:3   | Found a runed translucent door.
 15637 | Lair:3   | Identified the +5 dagger "Loplear" {vorpal, rElec Int+5}
 15895 | Lair:4   | Reached skill level 12 in Shields
 15987 | Lair:4   | Found a dark tunnel.
 16021 | Volcano  | Entered a volcano
 16050 | Volcano  | Reached skill level 10 in Spellcasting
 16057 | Volcano  | Reached skill level 13 in Shields
 16075 | Volcano  | Reached XP level 15. HP: 60/114 MP: 11/29
 16267 | Lair:4   | Found a staircase to the Slime Pits.
 17051 | Lair:5   | Entered Level 5 of the Lair of Beasts
 17210 | Lair:5   | Reached skill level 10 in Fighting
 17275 | Lair:5   | Reached skill level 14 in Shields
 17317 | Lair:5   | Reached skill level 10 in Armour
 17812 | Lair:5   | Reached skill level 15 in Shields
 18901 | D:11     | Was forgiven by Kikubaaqudgha
 19184 | D:11     | Reached XP level 16. HP: 27/124 MP: 24/31
 19866 | Abyss:2  | Cast into level 2 of the Abyss (a wizard)
 19904 | Abyss:2  | Gained mutation: You occasionally lose the ability to drink
                  | potions when taking damage. [a neqoxec]
 19911 | Abyss:2  | Lost mutation: Your flesh is heat resistant. (rF+) [potion
                  | of mutation]
 19911 | Abyss:2  | Lost mutation: You occasionally lose the ability to drink
                  | potions when taking damage. [potion of mutation]
 19911 | Abyss:2  | Lost mutation: You are agile. (Dex +4, Str/Int -1) [potion
                  | of mutation]
 19911 | Abyss:2  | Gained mutation: You are dopey. (Int -2) [potion of
                  | mutation]
 19911 | Abyss:2  | Gained mutation: You expend magic power (3 MP) to
                  | strengthen your wands. [potion of mutation]
 20007 | Abyss:2  | Noticed a bone dragon
 20034 | Abyss:2  | Killed a bone dragon
 20035 | Abyss:2  | Reached skill level 16 in Shields
 20214 | Abyss:2  | HP: 1/78 [raiju/living lightning (7)]
 20329 | Abyss:3  | Noticed a tentacled starspawn
 20344 | Abyss:3  | Killed a tentacled starspawn
 20451 | Abyss:4  | Noticed a bone dragon
 20488 | Abyss:4  | Killed a bone dragon
 20610 | Abyss:4  | Reached skill level 17 in Shields
 20612 | D:12     | Escaped the Abyss
 21027 | D:12     | Found Jonge's Assorted Antiques.
 21035 | D:12     | Bought 2 golden potions for 61 gold pieces
 21222 | D:12     | Found Cucweapn's Serpentskin Sales.
 21841 | D:13     | Found a gate leading to a gauntlet.
 21855 | Gauntlet | Entered a Gauntlet
 21855 | Gauntlet | Found a large runed translucent door.
 21855 | Gauntlet | Found a large runed translucent door.
 21855 | Gauntlet | Found a large runed translucent door.
 21855 | Gauntlet | Found a large runed translucent door.
 21855 | Gauntlet | Found a runed translucent door.
 21855 | Gauntlet | Found a large runed translucent door.
 21855 | Gauntlet | Found a large runed translucent door.
 21855 | Gauntlet | Found a transporter.
 21855 | Gauntlet | Found a transporter.
 21855 | Gauntlet | Found a large runed translucent door.
 21855 | Gauntlet | Found a large runed translucent door.
 21855 | Gauntlet | Found a runed translucent gate.
 21855 | Gauntlet | Found a runed translucent gate.
 21855 | Gauntlet | Found a transporter.
 21856 | Gauntlet | Found a transporter.
 21859 | Gauntlet | Found a transporter.
 21859 | Gauntlet | Found a transporter.
 21860 | Gauntlet | Found a runed translucent gate.
 21860 | Gauntlet | Found a runed translucent door.
 21864 | Gauntlet | Found a large runed translucent door.
 21864 | Gauntlet | Found a large runed translucent door.
 21869 | Gauntlet | Found a transporter.
 21873 | Gauntlet | Found a transporter.
 21885 | Gauntlet | Found a transporter.
 21929 | Gauntlet | Found a large runed translucent door.
 21929 | Gauntlet | Found a large runed translucent door.
 21932 | Gauntlet | Found a large runed translucent door.
 21932 | Gauntlet | Found a large runed translucent door.
 21933 | Gauntlet | Found a large runed translucent door.
 21934 | Gauntlet | Found a large runed translucent door.
 21984 | Gauntlet | Found a transporter.
 21988 | Gauntlet | Found a transporter.
 21998 | Gauntlet | Found a transporter.
 22081 | Gauntlet | Identified the +3 broad axe "Tilunihent" {vorpal, Dex+6}
 22128 | Gauntlet | Identified the amulet of Zinn {Regen+ SInv}
 22158 | Gauntlet | Identified the ring "Uhigunuteer" {Fire Str+2}
 22198 | Gauntlet | Got Sif Muna's Anthology of the Wind and Convocation
 22216 | Gauntlet | Reached skill level 18 in Shields
 22216 | Gauntlet | Reached XP level 17. HP: 133/133 MP: 29/33
 22217 | Gauntlet | Reached XP level 18. HP: 140/140 MP: 30/34
 23260 | D:14     | Found a gate to the Vaults.
 23333 | D:14     | Found a frozen archway.
 23375 | D:14     | Reached skill level 19 in Shields
 23379 | D:14     | Reached XP level 19. HP: 52/145 MP: 35/35
 23426 | IceCv    | Entered an ice cave
 23663 | IceCv    | HP: 4/146 [caustic shrike simulacrum (9)]
 23663 | IceCv    | Annihilated by a caustic shrike simulacrum

Illustrated notes

Levels and vault maps discovered:
D:1:      lightli_arrival_boilingwater, layout_loops_cross,
          chequers_serial_rivers_large_b
D:2:      layout_basic, uniq_robin
D:3:      layout_basic, old_standard_altar, kennysheep_another_room,
          grunt_ministairs_11, nicolae_grassy_gnolls
D:4:      layout_basic, nicolae_overflow_crystal_walls, marbit_many_paths,
          minmay_temple_entry_junction_2, ebering_ghost_sewer_f
D:5:      layout_basic, jmf_multi_god_temple, uniq_duvessa
D:6:      layout_gridville
D:7:      layout_basic, enter_bailey_3, amcnicky_mini_pool_small, hex_medium,
          hex_large, minivault_14, minmay_misc_feat_tiny
D:8:      cheibrodos_wizards_tower, layout_layer_cave, kennysheep_doodads,
          uniq_erica
D:9:      wad_cavern_with_rooms, layout_basic, due_lair_maze_entry_diamond,
          chequers_serial_rivers_large_a, serial_bayou_ford_a, uniq_pikel,
          uniq_psyche
D:10:     minmay_inner_zag, layout_loops_ring, grunt_temple_overflow_open,
          minmay_misc_feat_five
D:11:     layout_loops_ring
D:12:     lemuel_reptile_caves, layout_layer_cave, serial_shops, shop,
          guppyfry_shop_venom
D:13:     layout_roguey [special_room_orc], gauntlet_entry_generic,
          chequers_serial_rivers_small_3
D:14:     minmay_s_stair_smasher, layout_stronghold, david_vaults_2,
          portal_ice_cave_entry_ice_simulacra, serial_ice, serial_ice_b,
          serial_ice_i, serial_ice_a, serial_ice_c, serial_ice_m, serial_ice_o,
          fungi_pond_lemuel, nrook_campfire
Temple:   nicolae_temple_bog_church
Lair:1:   layout_loops_ring, dreamdust_gnoll_shepherd
Lair:2:   layout_regular_city, swamp_mist_pool, lemuel_fruit_fields
Lair:3:   layout_roguey, minmay_snake_entry_spellcaster, pf_torpor_hydra,
          infiniplex_staircase_pool_2
Lair:4:   layout_cave_pods, dpeg_slime_entry_corner,
          nicolae_volcano_entry_lava_flow, beast_lair_carwin_6
Lair:5:   guppyfry_lair_end_dragon, layout_gridlike, hangedman_lair_in_review,
          lemuel_fruit_tree
Orc:1:    layout_caves, gammafunk_ghost_fury_of_okawaru, minmay_orc_temple_a
Orc:2:    st_orc_town, layout_caves, serial_shops, shop_fountains, shop,
          nicolae_shop_advertising_works [nicolae_subvault_shop_adworks],
          nicolae_diamond_shop, uniq_azrael, uniq_donald
IceCv:    ice_cave_small_necro

Skill      XL: |  1  2  3  4  5  6  7  8  9 10 11 12 13 14 15 16 17 18 19 |
---------------+----------------------------------------------------------+-----
Dodging        | 2 3 4 5 7 8 9 |  9.0
Fighting       | 1 2 3 4 5 6 7 9 10 12 | 12.0
Armour         | 1 2 3 4 5 6 7 9 10 12 | 12.0
Conjurations   | 4 5 6 |  6.0
Spellcasting   | 3 4 5 6 7 8 10 11 12 13 | 13.0
Necromancy     | 2 6 8 10 12 13 | 13.0
Earth Magic    | 9 11 12 13 | 13.5
Shields        | 9 13 15 18 19 | 19.0
Stealth        | |  2.4

Action                   |  1- 3 |  4- 6 |  7- 9 | 10-12 | 13-15 | 16-18 | 19-21 || total
-------------------------+-------+-------+-------+-------+-------+-------+-------++-------
Melee: Dagger            |    37 |    78 |    27 |       |   252 |   231 |     4 ||   629
       Unarmed           |     5 |       |     5 |       |       |       |       ||    10
       Spear             |       |       |   133 |   452 |   312 |       |       ||   897
       Punch             |       |       |     1 |     7 |     1 |       |       ||     9
       Scimitar          |       |       |       |     3 |       |       |       ||     3
       Staff             |       |       |       |       |    49 |       |       ||    49
       Whip              |       |       |       |       |       |   153 |    30 ||   183
 Fire: Sling             |       |    48 |    79 |     2 |       |     3 |       ||   132
       Arbalest          |       |       |       |    15 |    26 |     6 |       ||    47
 Cast: Magic Dart        |    31 |    11 |    22 |     7 |       |       |       ||    71
       Searing Ray       |     1 |    11 |    33 |     6 |     2 |     5 |       ||    58
       Vampiric Draining |       |       |     9 |     6 |    10 |    16 |       ||    41
       Sublimation of Bl |       |       |     5 |    27 |    69 |    34 |    12 ||   147
       Borgnjor's Vile C |       |       |       |    54 |   212 |   119 |    20 ||   405
Invok: Receive Forbidden |       |       |       |       |     1 |       |       ||     1
       Renounce Religion |       |       |       |       |     1 |       |       ||     1
       Potion Petition   |       |       |       |       |       |     2 |       ||     2
 Abil: Dig               |       |       |     4 |     4 |     8 |     7 |     1 ||    24
       Shaft Self        |       |       |       |     2 |       |       |       ||     2
Evoke: Phial of floods   |       |       |       |       |       |     1 |       ||     1
  Use: Scroll            |       |     6 |     4 |     2 |     6 |    13 |       ||    31
       Potion            |       |       |     1 |     2 |     3 |    22 |       ||    28
 Stab: Sleeping          |     3 |     1 |     2 |       |     2 |       |       ||     8
       Distracted        |       |       |       |       |    14 |     7 |       ||    21
       Petrifying        |       |       |       |       |     1 |       |       ||     1
       Petrified         |       |       |       |       |     1 |       |       ||     1
Armor: Robe              |     7 |    14 |     5 |       |     9 |       |       ||    35
       Animal skin       |       |       |    17 |       |       |       |       ||    17
       Skin              |       |       |     1 |       |       |       |       ||     1
       Scale mail        |       |       |    16 |   115 |   115 |    87 |    14 ||   347
Dodge: Dodged            |    30 |    39 |   110 |   313 |   304 |   229 |    30 ||  1055
Block: Other             |     1 |    16 |    59 |   111 |    41 |       |       ||   228
       Reflection        |       |       |     6 |     5 |     5 |     3 |       ||    19
       Kite shield       |       |       |       |       |   471 |   420 |    40 ||   931
